 Dungeon Crawl Stone Soup version 0.17-a0-1711-gc5340a3 (webtiles) character file.

58 kae the Firebug (level 4, 0/24 HPs)
             Began as a Tengu Fire Elementalist on Aug 22, 2015.
             Slain by Natasha (3 damage)
             ... on level 3 of the Dungeon.
             The game lasted 00:02:49 (2477 turns).

kae the Firebug (Tengu Fire Elementalist)           Turns: 2477, Time: 00:02:49

Health: 0/24       AC:  3    Str: 11    XL:     4   Next: 2%
Magic:  0/8        EV: 12    Int: 17    God:
Gold:   152        SH:  0    Dex: 14    Spells: 3 memorised, 1 level left

rFire  . . .     SeeInvis .     o - +0 spear
rCold  . . .     Clarity  .     a - +0 robe
rNeg   . . .     SustAt   .     (no shield)
rPois  .         Gourm    .     (helmet restricted)
rElec  .         Spirit   .     (no cloak)
rCorr  .         Warding  .     l - +0 pair of gloves
rMut   .         Stasis   .     (boots unavailable)
MR     .....                    (no amulet)
Stlth  ++........               (no ring)
                                k - +3 ring of strength

@: not resistant to hostile enchantments, unstealthy
A: beak, talons 3
a: no special abilities


You were on level 3 of the Dungeon.
You were hungry.

You visited 1 branch of the dungeon, and saw 3 of its levels.

You collected 152 gold pieces.

Inventory:

Hand weapons
 o - a +0 spear (weapon)
Armour
 a - a +0 robe (worn)
 l - a +0 pair of gloves (worn)
Jewellery
 k - a +3 ring of strength (left hand)
Scrolls
 e - a scroll of random uselessness {unknown}
 f - a scroll of fear {unknown}
 h - 2 scrolls of identify {unknown}
 j - a scroll of remove curse {unknown}
 q - a scroll of recharging {unknown}
Potions
 i - a potion of curing {unknown}
 n - a potion of mutation {unknown}
 p - a potion of flight
 s - a potion of brilliance {unknown}
 t - a potion of invisibility
Books
 b - a book of Flames

   Spells                             Type                      Level
   a - Flame Tongue                   Conjuration/Fire             1
   b - Throw Flame                    Conjuration/Fire             2
   c - Conjure Flame                  Conjuration/Fire             3
   d - Inner Flame                    Hexes/Fire                   3
   e - Sticky Flame                   Conjuration/Fire             4
   f - Fireball                       Conjuration/Fire             5
 m - a book of Conjurations

   Spells                             Type                      Level
   a - Magic Dart                     Conjuration                  1
   b - Searing Ray                    Conjuration                  2
   c - Dazzling Spray                 Conjuration/Hexes            3
   d - Fulminant Prism                Conjuration/Hexes            4
   e - Iskenderun's Mystic Blast      Conjuration                  4
   f - Iskenderun's Battlesphere      Conjuration/Charms           5
 r - a Grand Grimoire

   Spells                             Type                      Level
   a - Monstrous Menagerie            Summoning                    6
   b - Summon Greater Demon           Summoning                    7
   c - Malign Gateway                 Summoning/Translocation      7
   d - Summon Horrible Things         Summoning                    8
Comestibles
 c - 3 bread rations
 d - 2 beef jerkies
 g - a royal jelly


   Skills:
 - Level 2.1 Dodging
 - Level 2.0 Stealth
 - Level 2.0 Spellcasting
 - Level 1.3 Conjurations
 + Level 5.2 Fire Magic


You had one spell level left.
You knew the following spells:

 Your Spells              Type           Power        Failure   Level  Hunger
a - Flame Tongue          Conj/Fire      ##...        6%          1    #......
b - Throw Flame           Conj/Fire      ##....       10%         2    ###....
c - Conjure Flame         Conj/Fire      ##......     17%         3    ###....


Dungeon Overview and Level Annotations

Branches:
Dungeon (3/15)

Altars:
Nemelex Xobeh

Annotations:
D:3 Natasha


Innate Abilities, Weirdness & Mutations

You have a beak for a mouth.
You have claws for feet.


Message History

The magic dart hits you!
You hit Natasha.
Natasha is severely wounded.
Natasha claws you.
* * * LOW HITPOINT WARNING * * *
You are too injured to fight recklessly!
You are too injured to fight recklessly!
You are too injured to fight recklessly!
You are too injured to fight recklessly!
You are too injured to fight recklessly!
You are too injured to fight recklessly!
Casting: Flame Tongue
Confirm with . or Enter, or press ? or * to list all spells.
Aiming: Flame Tongue
Press: ? - help, Shift-Dir - straight line, f/p - Natasha
Aim: Natasha (severely wounded)
The flame tongue hits Natasha.
Natasha is almost dead.
Natasha claws you.
You die...

###.############
......h@ยง......#
..############.#
..........#
########..#
#.....#..#
#.###.#..# #.#
#....# #.# ###.##
#.# #.#


You could see Natasha.

Vanquished Creatures
  An adder (D:2)
  7 hobgoblins
  6 jackals
  9 kobolds
  7 bats
  3 giant cockroaches
  2 giant newts
  6 goblins
  6 rats
47 creatures vanquished.

Notes
Turn   | Place    | Note
--------------------------------------------------------------
     0 | D:1      | kae the Tengu Fire Elementalist began the quest for the Orb.
     0 | D:1      | Reached XP level 1. HP: 10/10 MP: 4/4
   331 | D:1      | Reached XP level 2. HP: 13/15 MP: 3/6
   339 | D:1      | Reached skill level 4 in Fire Magic
  1322 | D:2      | Reached XP level 3. HP: 17/19 MP: 4/7
  1330 | D:2      | Found a sparkling altar of Nemelex Xobeh.
  1914 | D:2      | Reached skill level 5 in Fire Magic
  2302 | D:2      | Reached XP level 4. HP: 21/24 MP: 6/8
  2452 | D:3      | Noticed Natasha
  2457 | D:3      | Learned a level 2 spell: Throw Flame
  2461 | D:3      | Learned a level 3 spell: Conjure Flame
  2477 | D:3      | Slain by Natasha

Vault maps used:
D:1:      nicolae_arrival_somewhat_less_tricky_arrival
D:2:      first_bread, minivault_25, nemelex_diamond_rough_becter
D:3:      nicolae_overflow_crystal_walls, ecumenical_altar_1, bloody_trog,
          uniq_natasha

Action                   |  1- 3 |  4- 6 || total
-------------------------+-------+-------++-------
Melee: Unarmed           |    22 |       ||    22
       Spear             |    40 |     5 ||    45
 Cast: Flame Tongue      |    67 |     8 ||    75
       Conjure Flame     |       |     1 ||     1
  Use: Potion            |     3 |       ||     3
 Stab: Distracted        |     1 |       ||     1
  Eat: Chunk             |     5 |     1 ||     6
